AoeStats
← [RAT] G0rm

Fortress

507123218Analyzed
3v3 RM · 16d ago on Sep 16, 2026· 22m 26s· 6 players
Game mode
Random Map
Map size
Large (8 player)
Population
200
Speed
Normal
Resources
Standard
Victory
Conquest
Starting age
Dark Age
Ending age
Imperial Age
RankedLock teamsTeams togetherTeam positionsShared explorationLock speedFull tech treeHidden civsTurbo modeCheats
Victory
Defeat
🇳🇱 Shu · Netherlands
1549
+10
🇷🇴 Khitans · Romania
1543
+10
🇺🇸 Persians · United States
1441
+14
🇲🇴 Wu · Macao SAR China
1485
-13
🇬🇧 Vikings · United Kingdom
1417
-12
🇬🇧 Khmer · United Kingdom
1328
-9
屁屁人
7:04 Feudal Age
11:34 Castle Age
9:47 Double-Bit Axe
10:50 Loom
14:57 Fletching
19:09 Gold Mining
20:56 Bow Saw
Cicdolfin
8:00 Feudal Age
12:53 Castle Age
10:41 Double-Bit Axe
10:59 Horse Collar
13:50 Bow Saw
15:13 Heavy Plow
17:41 Stone Mining
17:57 Gold Mining
19:09 Fletching
21:03 Gold Shaft Mining
21:01 Scale Mail Armor
21:03 Loom
22:08 Chain Mail Armor
elitedurasteel
7:14 Feudal Age
10:29 Castle Age
9:42 Double-Bit Axe
9:37 Horse Collar
11:24 Bow Saw
12:56 Heavy Plow
13:54 Loom
19:24 Wheelbarrow
20:46 Hand Cart
20:28 Gold Mining
22:36 Gold Shaft Mining
21:52 Stone Mining
[RAT] Havik_AoE
7:06 Feudal Age
11:28 Castle Age
9:14 Double-Bit Axe
9:54 Horse Collar
10:30 Gold Mining
10:54 Fletching
11:45 Crossbowman
12:39 Bow Saw
13:45 Loom
15:01 Bodkin Arrow
[RAT] G0rm
7:37 Feudal Age
9:12 Domestication
9:22 Double-Bit Axe
12:15 Castle Age
11:15 Gold Mining
15:43 Scale Mail Armor
17:24 Bow Saw
19:59 Chain Mail Armor
19:36 Gambesons
20:23 Forging
20:36 Squires
22:13 Iron Casting
22:11 Arson
2rich4u81
7:28 Feudal Age
13:00 Castle Age
11:48 Double-Bit Axe
11:45 Horse Collar
14:41 Bow Saw
14:34 Heavy Plow
18:11 Wheelbarrow
17:23 Loom
25:30 Imperial Age
Connection lost

Rejoining the realm…

Still unreachable

The connection could not be restored.

Session expired

The server has moved on; the page needs a fresh start.